 Dungeon Crawl Stone Soup version 0.19.1-1-g22dce08 (webtiles) character file.

653 Nakatomy the Conjurer (level 7, -2/36 HPs)
             Began as a Deep Elf Conjurer on Dec 30, 2016.
             Killed by divine providence
             ... invoked by an orc priest
              (11 damage)
             ... on level 5 of the Dungeon.
             The game lasted 00:13:10 (4490 turns).

Nakatomy the Conjurer (Deep Elf Conjurer)           Turns: 4490, Time: 00:13:10

Health: -2/36      AC:  6    Str:  5    XL:     7   Next: 28%
Magic:  4/18       EV: 15    Int: 22    God:
Gold:   312        SH:  0    Dex: 15    Spells: 3 memorised, 11 levels left

rFire  . . .     SeeInvis +     w - +3 falchion (holy)
rCold  . . .     Gourm    .     a - +0 robe
rNeg   . . .     Faith    .     (no shield)
rPois  .         Spirit   .     A - +0 helmet of Conscience {SInv} (curse)
rElec  .         Reflect  .     t - +2 cloak
rCorr  .         Harm     .     (no gloves)
MR     .....                    (no boots)
Stlth  ++........               (no amulet)
                                (no ring)
                                (no ring)

@: no status effects
A: no striking features
a: no special abilities


You were on level 5 of the Dungeon.
You were hungry.

You visited 1 branch of the dungeon, and saw 5 of its levels.

You collected 312 gold pieces.

Inventory:

Hand Weapons
 w - a +3 falchion of holy wrath (weapon)
Armour
 a - a +0 robe (worn)
 t - a +2 cloak (worn)
 A - the cursed +0 helmet of Conscience (worn) {SInv}
   (You took it off Robin on level 4 of the Dungeon)

   It lets you see invisible.
   It has a curse placed upon it.
Jewellery
 x - an uncursed amulet of guardian spirit
Wands
 h - a wand of lightning (4/15)
 m - a wand of disintegration (17/24)
 r - a wand of disintegration (6/24)
 y - a wand of flame (22/48)
Scrolls
 f - 3 scrolls of remove curse {unknown}
 g - a scroll of magic mapping {unknown}
 k - 2 scrolls of identify {unknown}
 l - a scroll of recharging {unknown}
 o - a scroll of amnesia {unknown}
 p - 5 scrolls of teleportation {unknown}
 u - a scroll of noise {unknown}
Potions
 d - 2 potions of agility {unknown}
 e - a potion of brilliance {unknown}
 j - a potion of mutation {unknown}
 n - a potion of magic {unknown}
 q - a potion of ambrosia {unknown}
 v - a potion of flight {unknown}
 z - a potion of haste {unknown}
Books
 b - a book of Conjurations

   Spells                             Type                      Level
   a - Magic Dart                     Conjuration                  1
   b - Searing Ray                    Conjuration                  2
   c - Dazzling Spray                 Conjuration/Hexes            3
   d - Fulminant Prism                Conjuration/Hexes            4
   e - Iskenderun's Mystic Blast      Conjuration                  4
   f - Iskenderun's Battlesphere      Conjuration/Charms           5
 s - a book of Misfortune

   Spells                             Type                      Level
   a - Confusing Touch                Hexes                        1
   b - Confuse                        Hexes                        3
   c - Gell's Gravitas                Hexes/Translocation          3
   d - Petrify                        Transmutation/Earth          4
   e - Metabolic Englaciation         Hexes/Ice                    5
   f - Yara's Violent Unravelling     Hexes/Transmutation          5
Comestibles
 c - 4 bread rations
 i - 3 meat rations


   Skills:
 + Level 5.3 Dodging
 - Level 2.9 Stealth
 + Level 6.0 Spellcasting
 * Level 7.3 Conjurations


You had 11 spell levels left.
You knew the following spells:

 Your Spells              Type           Power        Failure   Level  Hunger
a - Magic Dart            Conj           ####         1%          1    None
b - Searing Ray           Conj           #####.       1%          2    None
c - Iskenderun's Mystic   Conj           #####...     6%          4    ###....


Dungeon Overview and Level Annotations

Branches:
Dungeon (5/15)
 Temple: D:4-7

Altars:
Dithmenos
Nemelex Xobeh
Uskayaw
Xom
Yredelemnul

Shops:
D:4 :


Message History

You kill the orc wizard!
Your Spellcasting skill increases to level 6!
You are feeling hungry.
Casting: Searing Ray
Confirm with . or Enter, or press ? or * to list all spells.
Aiming: Magic Dart
Press: ? - help, Shift-Dir - straight line, f - orc priest
Aim: an orc priest, wielding a dagger and wearing a leather armour The magic dart hits the orc priest.
The orc priest is moderately wounded.
Casting: Magic Dart
Confirm with . or Enter, or press ? or * to list all spells.
Aiming: Searing Ray
Press: ? - help, Shift-Dir - straight line, f/p - orc priest
Aim: an orc priest, wielding a dagger and wearing a leather armour (moderately wounded)
The searing ray hits the orc priest.
The orc priest is severely wounded.
The orc priest invokes the aid of Beogh against you.
Beogh smites you!
You die...

.##.. #.# #... .#### #.# # #.. .#
#.# #.#.o .### ##+# #.# #.#.##
...# ##...## #####.## #...o.
.#.###.....## #......# ###.##
##.##.......###.##.#.## #####o#.
##>#.........##.#)###.####.......
...+.........'..@o.#...o.).o.....
####.........##.#....#####.###...
# #.......###......# #.# ....
##.....## ####.### #.# #.##
##...## #...# #.# #.# ##'##
#..#..# #.. ... ##### #.# #.# #.#
### .# ....# #.# .# ###.# ##.##


You could see an orc priest.

Vanquished Creatures
  Eustachio (D:4)
  Duvessa (D:4)
  A phantom (D:4)
  Dowan (D:4)
  A howler monkey (D:4)
  An orc wizard (D:5)
  Natasha (thrice) (D:3)
  A worker ant (D:4)
  Robin (D:4)
  A gnoll (D:1)
  2 adders (D:3)
  2 worms (D:2)
  2 dart slugs
  3 leopard geckos
  2 orcs
  5 giant cockroaches
  9 goblins
  6 hobgoblins
  3 jackals (D:1)
  2 quokkas
  A ball python skeleton (D:4)
  7 bats
  3 frilled lizards
  4 kobolds
  A quokka skeleton (D:4)
  8 rats
72 creatures vanquished.

Notes
Turn   | Place    | Note
-------+----------+-------------------------------------------
     0 | D:1      | Nakatomy the Deep Elf Conjurer began the quest for the Orb.
     0 | D:1      | Reached XP level 1. HP: 10/10 MP: 6/6
    27 | D:1      | Reached XP level 2. HP: 15/15 MP: 2/8
    82 | D:1      | Learned a level 2 spell: Searing Ray
   224 | D:1      | Found a sparkling altar of Nemelex Xobeh.
   462 | D:1      | Reached XP level 3. HP: 19/19 MP: 6/10
  2094 | D:3      | Found a hide-covered altar of Uskayaw.
  2109 | D:3      | Found a shadowy altar of Dithmenos.
  2115 | D:3      | Noticed Natasha
  2228 | D:3      | Killed Natasha
  2228 | D:3      | Reached skill level 5 in Conjurations
  2228 | D:3      | Reached XP level 4. HP: 24/24 MP: 6/12
  2282 | D:3      | Found a shimmering altar of Xom.
  2296 | D:3      | Found a basalt altar of Yredelemnul.
  2363 | D:3      | Found a faded altar of an unknown god.
  2471 | D:3      | Noticed Natasha
  2473 | D:3      | Killed Natasha
  2473 | D:3      | Reached XP level 5. HP: 28/28 MP: 9/13
  2764 | D:3      | Noticed Natasha
  2768 | D:3      | Killed Natasha
  2818 | D:3      | Learned a level 4 spell: Iskenderun's Mystic Blast
  2855 | D:4      | Noticed a phantom
  2865 | D:4      | Killed a phantom
  2865 | D:4      | Reached skill level 5 in Spellcasting
  2865 | D:4      | Reached skill level 6 in Conjurations
  3131 | D:4      | Noticed Duvessa
  3134 | D:4      | Noticed Dowan
  3144 | D:4      | Killed Duvessa
  3144 | D:4      | Reached XP level 6. HP: 29/32 MP: 6/15
  3153 | D:4      | Killed Dowan
  3384 | D:4      | Noticed Eustachio
  3391 | D:4      | Killed Eustachio
  3391 | D:4      | Reached skill level 5 in Dodging
  3391 | D:4      | Reached skill level 7 in Conjurations
  3391 | D:4      | Reached XP level 7. HP: 20/36 MP: 8/17
  3769 | D:4      | Found Fatac's Book Shop.
  4043 | D:4      | Noticed Robin
  4046 | D:4      | Killed Robin
  4141 | D:4      | Got a heavily runed helmet
  4148 | D:4      | Identified the cursed +0 helmet of Conscience {SInv} (You took it off Robin on level 4 of the Dungeon)
  4283 | D:5      | Entered Level 5 of the Dungeon
  4490 | D:5      | Killed from afar by an orc priest

Skill      XL: |  1  2  3  4  5  6  7 |
---------------+----------------------+-----
Dodging        | 3 4 5 |  5.3
Spellcasting   | 4 5 6 |  6.0
Conjurations   | 5 6 7 |  7.3
Stealth        | |  2.9

Action                   |  1- 3 |  4- 6 |  7- 9 || total
-------------------------+-------+-------+-------++-------
 Cast: Magic Dart        |    76 |    25 |    23 ||   124
       Searing Ray       |     7 |    10 |     5 ||    22
       Iskenderun's Myst |       |       |     2 ||     2
  Eat: Chunk             |     4 |     2 |     3 ||     9
       Beef jerky        |       |     1 |       ||     1
Armor: Robe              |       |     3 |       ||     3
Dodge: Dodged            |     8 |     6 |     3 ||    17
